 Dungeon Crawl Stone Soup version 0.31.0-9-g3a7656b989 (webtiles) character file.

Game seed: 16933982292367082418

433 ExZ the Trooper (level 6, -1/45 (63) HPs)
             Began as a Troll Berserker on Jan 28, 2024.
             Was a Priest of Trog.
             Killed by divine providence
             ... invoked by Jeremiah
              (15 damage)
             ... on level 6 of the Dungeon.
             The game lasted 00:03:40 (2520 turns).

ExZ the Trooper (Troll Berserker)                   Turns: 2520, Time: 00:03:41

HP:   -1/45 (63)    AC:  4    Str: 29    XL:     6   Next: 67%
MP:   5/5           EV: 10    Int:  3    God:    Trog [***...]
Gold: 170           SH:  0    Dex:  9    Spells: 5/5 levels left

rFire   . .          .
                       - Unarmed
rCold   + . .        (no shield)
rNeg    + . .        a - +0 animal skin
rPois   .            (helmet restricted)
rElec   .            (no cloak)
rCorr   .            (gloves unavailable)
SInv    .            (boots unavailable)
Will    .....        c - amulet of regeneration
Stlth   +            e - ring of flight
HPRegen 2.67/turn    o - ring "Heimo" {Fly rC+ rN+ Str+3}
MPRegen 0.09/turn

%: no passive effects
@: flying, very heavily drained
A: large, unfitting armour, claws 3, regeneration 2, shaggy fur 1, tough skin 1,
high MP 1, weak 1
a: Renounce Religion, Berserk, Trog's Hand


You were on level 6 of the Dungeon.
You worshipped Trog.
Trog was most pleased with you.
You visited 1 branch of the dungeon, and saw 5 of its levels.

You collected 170 gold pieces.

Inventory:

Armour
 a - a +0 animal skin (worn)
Jewellery
 c - an amulet of regeneration (around neck)
 e - a ring of flight (left claw)
 k - an amulet of magic regeneration
 o - the ring "Heimo" (right claw) {Fly rC+ rN+ Str+3}
   (You found it on level 3 of the Dungeon)

   [ring of positive energy]

   Str+3:     It affects your strength (+3).
   rC+:       It protects you from cold.
   rN+:       It protects you from negative energy.
   Fly:       It grants you flight.
Wands
 f - a wand of flame (24)
 n - a wand of roots (10)
Scrolls
 d - 3 scrolls of identify {unknown}
 g - 3 scrolls of teleportation {unknown}
 m - a scroll of enchant weapon {unknown}
 p - 2 scrolls of poison {unknown}
 r - a scroll of noise {unknown}
Potions
 b - a potion of mutation
 h - a potion of heal wounds {unknown}
 i - a potion of degeneration {unknown}
 j - a potion of cancellation
 l - a potion of brilliance
 q - 2 potions of curing {unknown}


   Skills:
 * Level 4.7 Fighting
 + Level 3.8 Dodging
 + Level 4.5 Unarmed Combat


You had 5 spell levels left.
You didn't know any spells.
Your spell library was empty.

Dungeon Overview and Level Annotations

Branches:
Dungeon (4/15)
 Temple: D:4-7

Altars:

Shops:
D:1 ?   D:2 (![?(

Annotations:
D:6 Jeremiah


Innate Abilities, Weirdness & Mutations

You are too large for most types of armour.
You have claws for hands.
You heal very quickly.
You are covered in fur. (AC +1)
You have tough skin. (AC +1)
You have an increased reservoir of magic. (+10% MP)
You are weak. (Str -2)


Message History

The butterfly disappears in a burst of colours!
Jeremiah hits you from afar with a +2 trident of draining!
You partially resist.
You feel drained.
You barely miss the butterfly. Jeremiah hits you but does no damage.
You partially resist.
You miss the butterfly.
The butterfly disappears in a burst of colours!
Jeremiah hits you from afar with a +2 trident of draining.
You partially resist.
You feel drained.
You miss the butterfly.
The butterfly disappears in a burst of colours!
Jeremiah hits you from afar with a +2 trident of draining!
* * * LOW HITPOINT WARNING * * *
You partially resist.
You feel drained.
* * * LOW HITPOINT WARNING * * *
The butterfly disappears in a burst of colours! x3
The butterfly disappears in a burst of colours!
The butterfly disappears in a burst of colours! x2
Jeremiah shouts, "O dreadful one, destroy my foe!"
Something smites you!
* * * LOW HITPOINT WARNING * * *
Unknown command.
Unknown command.
It was a potion of mutation.
You feel extremely strange.
You feel weaker.
You feel more energetic.
You begin to heal more quickly.
The butterfly disappears in a burst of colours!
Unknown command.
It was a potion of brilliance.
You feel clever all of a sudden.
The butterfly disappears in a burst of colours!
Jeremiah hops!
Unknown command.
It was a potion of cancellation.
Your magical effects are unravelling.
You feel magically purged.
You feel a little less clever now.
Jeremiah mumbles a slurred invocation.
Something smites you!
You die...
Jeremiah wails, "I didn't mean to kill anyone!
I'm not a murderer!"

.........#
########.######.#
#.............
#.........###.#
#.####.....>..#
#.# ####.#####.#
#.# #........#
#.# #..#######
#.# ####@.#
#.###.....#
#.##bbb...#
#######b°bbb.b..#
#...†.bb##.bbb.##
#.#########.Fb##
#.# ##.## #.# #.#
...
#######.######


You could see Jeremiah.

Vanquished Creatures
  2 black bears (D:6)
  A bombardier beetle (D:2)
  Jessica (D:2)
  Ijyb (D:3)
  5 gnolls
  4 adders
  2 ribbon worms
  2 dart slugs
  3 orcs (D:3)
  6 endoplasms
  3 giant cockroaches
  8 goblins
  3 hobgoblins
  4 quokkas
  13 ball pythons
  4 bats
  A frilled lizard (D:3)
  9 kobolds
  3 rats (D:1)
75 creatures vanquished.

Notes
Turn   | Place    | Note
-------+----------+-------------------------------------------
     0 | D:1      | ExZ the Troll Berserker began the quest for the Orb.
     0 | D:1      | Reached XP level 1. HP: 22/22 MP: 0/0
   210 | D:1      | Found Piudoc's Magic Scroll Boutique.
   242 | D:1      | Reached XP level 2. HP: 29/29 MP: 1/1
   431 | D:1      | Reached XP level 3. HP: 37/37 MP: 2/2
   697 | D:2      | Reached ** piety under Trog
   741 | D:2      | Noticed Jessica
   748 | D:2      | Killed Jessica
   846 | D:2      | Reached XP level 4. HP: 45/45 MP: 3/3
   892 | D:2      | Found Ilayruc's Weapon Shoppe.
   906 | D:2      | Found Kuwnypnu's Distillery.
  1108 | D:2      | Found a faded altar of an unknown god.
  1346 | D:2      | Found Veeti's Magic Scroll Emporium.
  1381 | D:2      | Reached XP level 5. HP: 54/54 MP: 4/4
  1439 | D:2      | Found Nizul's Antique Weapon Boutique.
  1580 | D:2      | Found Joxeymni's Antique Armour Shop.
  1653 | D:3      | Noticed Ijyb
  1664 | D:3      | Killed Ijyb
  1699 | D:3      | Identified the ring "Heimo" {Fly rC+ rN+ Str+3}
  2309 | D:4      | Reached *** piety under Trog
  2411 | D:4      | You are sucked into a shaft and drop 2 floors!
  2426 | D:6      | Noticed a black bear
  2433 | D:6      | Killed a black bear
  2434 | D:6      | Reached XP level 6. HP: 63/63 MP: 5/5
  2462 | D:6      | Noticed Jeremiah
  2518 | D:6      | Gained mutation: You are weak. (Str -2) [potion of
                  | mutation]
  2518 | D:6      | Gained mutation: You have an increased reservoir of magic.
                  | (+10% MP) [potion of mutation]
  2518 | D:6      | Gained mutation: You heal very quickly. [potion of
                  | mutation]
  2520 | D:6      | Killed from afar by Jeremiah

Illustrated notes

Levels and vault maps discovered:
D:1:      psy_arrival_radial02, layout_basic, serial_shops, shop,
          minmay_heptomino_l4
D:2:      layout_loops_corners, dreamdust_ecumenical_altar_angels_and_demons,
          serial_shops, nicolae_shop_statue_plus, shop,
          nicolae_shop_gibbet_a_chance, nicolae_shop_behind_doors,
          nicolae_shop_rolled_up, minmay_small_reverse_x, uniq_jessica
D:3:      layout_basic, amcnicky_mini_corridor_feature,
          minmay_misc_feat_enclosed, uniq_ijyb
D:4:      layout_rooms, serial_shops, shop_statue
D:6:      layout_loops_ring, mainiacjoe_overflow_alcove_1, uniq_jeremiah

Skill      XL: |  1  2  3  4  5 |
---------------+----------------+-----
Fighting       | 3 4 |  4.7
Dodging        | 3 |  3.8
Unarmed Combat | 4 |  4.5

Action                     |  1- 3 |  4- 6 || total
---------------------------+-------+-------++-------
  Melee: Unarmed           |    76 |   148 ||   224
         Punch             |     1 |     3 ||     4
 Invoke: Berserk           |       |     2 ||     2
    Use: Potion            |       |     3 ||     3
   Stab: Sleeping          |     1 |       ||     1
 Armour: Animal skin       |    53 |   108 ||   161
  Dodge: Dodged            |    47 |    50 ||    97
